 Dungeon Crawl Stone Soup version 0.30-a0-949-g53dc5368d7 (webtiles) character file.

Game seed: 4270762357298691048

406 porpoise the Caller (level 6, -17/42 HPs)
             Began as a Barachi Summoner on Mar 28, 2023.
             Killed from afar by Ijyb (21 damage)
             ... with a bolt of acid
             ... on level 3 of the Dungeon.
             The game lasted 00:13:41 (3029 turns).

porpoise the Caller (Barachi Summoner)              Turns: 3029, Time: 00:13:42

Health: -17/42     AC: -5    Str:  9    XL:     6   Next: 87%
Magic:  13/13      EV: 12    Int: 18    God:
Gold:   116        SH:  0    Dex: 12    Spells: 8/14 levels left

rFire   . . .      SeeInvis .    a - +0 spear
rCold   . . .      Faith    .    (no shield)
rNeg    . . .      Spirit   .    j - +0 robe
rPois   .          Reflect  .    o - +0 helmet
rElec   .          Rampage  .    (no cloak)
rCorr   .                        (no gloves)
Will    .....                    (no boots)
Stlth   ++                       t - amulet of magic regeneration
HPRegen 0.27/turn                (no ring)
MPRegen 0.53/turn                (no ring)

@: mighty, corroded, slow
A: amphibious, slowness 1, strong legs 1, +LOS
a: Hop


You were on level 3 of the Dungeon.
You visited 1 branch of the dungeon, and saw 3 of its levels.

You collected 116 gold pieces.

Inventory:

Hand Weapons
 a - a +0 spear (weapon)
 b - a +0 sling
Missiles
 h - 7 poisoned darts
 n - 5 javelins
 p - 2 throwing nets
Armour
 e - a scarf of harm
 j - a +0 robe (worn)
 o - a +0 helmet (worn)
Magical Staves
 y - a staff of poison
Jewellery
 t - an amulet of magic regeneration (around neck)
Wands
 r - a wand of flame (5)
Scrolls
 c - 5 scrolls of identify {unknown}
 d - a scroll of fear {unknown}
 f - a scroll of butterflies {unknown}
 k - a scroll of blinking {unknown}
 u - a scroll of enchant weapon {unknown}
 w - a scroll of brand weapon {unknown}
 z - a scroll of poison {unknown}
Potions
 g - 2 potions of mutation {unknown}
 i - a potion of invisibility {unknown}
 l - a potion of flight {unknown}
 m - a potion of cancellation {unknown}
 q - a potion of magic
 s - a potion of might
 v - a potion of ambrosia {unknown}
 x - a potion of attraction {unknown}


   Skills:
 + Level 0.7 Fighting
 - Level 2.1 Dodging
 + Level 3.5 Stealth
 * Level 4.7 Spellcasting
 - Level 7.0 Summonings


You had 8 spell levels left.
You knew the following spells:

 Your Spells              Type           Power      Damage    Failure   Level
a - Summon Small Mammal   Summ           100%       N/A       1%          1
b - Call Imp              Summ           29%        N/A       1%          2
c - Call Canine Familiar  Summ           29%        N/A       2%          3

Your spell library contained the following spells:

 Spells                   Type           Power      Damage    Failure   Level
 Summon Guardian Golem    Hex/Summ       16%        N/A       10%         3
 Summon Lightning Spire   Summ/Air       16%        N/A       32%         4
 Gell's Gravitas          Tloc           4%         N/A       38%         3
 Teleport Other           Tloc           4%         N/A       38%         3
 Dispersal                Tloc           2%         N/A       100%        6
 Storm Form               Tmut/Air       2%         N/A       100%        7
 Maxwell's Capacitive Co  Air            2%         ∞         100%        8


Dungeon Overview and Level Annotations

Branches:
Dungeon (3/15)

Altars:
Elyvilon
Nemelex Xobeh
Qazlal
Zin

Annotations:
D:3 2 transporters, Ijyb; Iniera's ghost, weakling VSFi


Innate Abilities, Weirdness & Mutations

You are amphibious.
You cover ground slowly.
You can hop short distances.
You have an extended range of vision and can be seen from far away.


Message History

You reach to attack!
You hit Ijyb.
Ijyb is lightly wounded.
Your hound bites Ijyb but does no damage.
Ijyb zaps a wand.
The bolt of acid hits your hound! The acid corrodes your hound!
Your hound dies!
Your hound's corpse disappears in a puff of smoke!
The bolt of acid hits you! The acid corrodes you!
Ijyb shouts!
Casting: Call Canine Familiar (dangerous; 2% risk of failure)
Confirm with . or Enter, or press ? or * to list all spells.
You hit Ijyb but do no damage.
Ijyb is lightly wounded.
Your hound barely misses Ijyb.
Ijyb closely misses you.
Your hound bites Ijyb but does no damage.
You closely miss Ijyb.
Ijyb is lightly wounded.
Your hound bites Ijyb.
Ijyb barely misses you.
Your hound misses Ijyb. You hit Ijyb but do no damage.
Ijyb is moderately wounded.
Ijyb misses you.
Your hound bites Ijyb.
You barely miss Ijyb.
Ijyb is moderately wounded.
Your hound closely misses Ijyb.
Ijyb zaps a wand.
The bolt of acid hits you!
Your hound bites Ijyb but does no damage.
Ijyb barely misses you.
You hit Ijyb.
Ijyb is heavily wounded.
Your hound barely misses Ijyb.
Ijyb zaps a wand.
The bolt of acid hits you!
* * * LOW HITPOINT WARNING * * *
The acid corrodes you!
Your hound barely misses Ijyb.
It was a potion of might.
You feel very mighty all of a sudden.
Your hound bites Ijyb but does no damage.
Ijyb barely misses you.
You hit Ijyb but do no damage.
Ijyb is heavily wounded.
Your hound barely misses Ijyb.
Ijyb zaps a wand.
The bolt of acid hits you!!
Ouch! That really hurt!
You die...

######.......# #.#
################'### .........
#.....# ######### #.....## # #
#......# # # ######.# #
#.....©... .# #.#### ##### #
#.#..#.#. #.#######....##.....# #
#.. #...# ..#..g@##.†.........# #
#..##...##..####h##....#......# #
#.#..#.#..#.# #.##....# .....# #
#....O?).O.©## #.##....##.....# #
############## #.##.......#..# #
.....©.©.....# #.#####....##.## #
.............###.#####....##..###
#..###.##..####.....##...........
#..# #.....# #.....##...........


You could see Ijyb (ally target) and a friendly hound (summoned).

Vanquished Creatures
  A jelly (D:3)
  An orc wizard (D:3)
  2 gnolls
  An adder (D:2)
  An orc (D:3)
  A ball python (D:1)
  2 endoplasms (D:3)
  5 goblins
  3 hobgoblins
  5 kobolds
  A bat (D:1)
  A frilled lizard (D:2)
  2 rats
26 creatures vanquished.

Vanquished Creatures (collateral kills)
  Sigmund (D:2)
  Jessica (D:2)
  4 gnolls
  An adder (D:3)
  A dart slug (D:1)
  3 orcs (D:3)
  2 ball pythons
  3 bats
  4 endoplasms (D:1)
  5 goblins
  6 hobgoblins
  3 jackals (D:3)
  2 frilled lizards
  4 kobolds
40 creatures vanquished.

Grand Total: 66 creatures vanquished

Notes
Turn   | Place    | Note
-------+----------+-------------------------------------------
     0 | D:1      | porpoise the Barachi Summoner began the quest for the Orb.
     0 | D:1      | Reached XP level 1. HP: 13/13 MP: 3/3
   264 | D:1      | Reached skill level 5 in Summonings
   345 | D:1      | Reached XP level 2. HP: 17/19 MP: 1/5
   351 | D:1      | Learned a level 2 spell: Call Imp
   551 | D:1      | Found a faded altar of an unknown god.
   895 | D:1      | Reached XP level 3. HP: 20/24 MP: 4/7
   924 | D:1      | Learned a level 3 spell: Call Canine Familiar
  1366 | D:2      | Found a sparkling altar of Nemelex Xobeh.
  1367 | D:2      | Noticed Jessica
  1376 | D:2      | Killed Jessica
  1377 | D:2      | Reached XP level 4. HP: 30/30 MP: 3/8
  1473 | D:2      | Noticed Sigmund
  1485 | D:2      | Killed Sigmund
  1486 | D:2      | Reached skill level 6 in Summonings
  1486 | D:2      | Reached XP level 5. HP: 19/35 MP: 4/11
  1486 | D:2      | Reached XP level 6. HP: 23/41 MP: 4/12
  2301 | D:3      | Found a white marble altar of Elyvilon.
  2302 | D:3      | Found a glowing silver altar of Zin.
  2302 | D:3      | Found a sparkling altar of Nemelex Xobeh.
  2304 | D:3      | Found a stormy altar of Qazlal.
  2601 | D:3      | Reached skill level 7 in Summonings
  2938 | D:3      | Noticed Iniera's ghost (weakling VSFi)
  2978 | D:3      | Found a transporter.
  2981 | D:3      | Found a transporter.
  3016 | D:3      | Noticed Ijyb
  3029 | D:3      | Killed from afar by Ijyb

Illustrated notes

Levels and vault maps discovered:
D:1:      dpeg_arrival_houses_and_road, layout_loops_corners,
          hellmonk_ecumenical_altar_zigzags, chequers_serial_rivers_micro_e,
          chequers_garden, minmay_box_of_dots
D:2:      layout_rooms, basic_altar, grunt_ministairs_2, kennysheep_path_1,
          minmay_misc_feat_tiny, uniq_sigmund, uniq_jessica
D:3:      layout_basic, chequers_temple_overflow_statue_of_worship,
          gammafunk_ghost_smash, uniq_ijyb

Skill      XL: |  1  2  3  4  5  6 |
---------------+-------------------+-----
Stealth        | 2 3 |  3.5
Summonings     | 5 6 7 |  7.0
Spellcasting   | 3 4 |  4.7
Fighting       | |  0.7
Dodging        | |  2.1

Action                     |  1- 3 |  4- 6 || total
---------------------------+-------+-------++-------
  Melee: Dagger            |    38 |     9 ||    47
         Spear             |       |    75 ||    75
         Punch             |       |     1 ||     1
   Cast: Summon Small Mamm |    33 |    17 ||    50
         Call Imp          |     2 |     1 ||     3
         Call Canine Famil |     2 |    14 ||    16
    Use: Potion            |       |     1 ||     1
   Stab: Sleeping          |     1 |       ||     1
         Distracted        |     1 |     2 ||     3
 Armour: Robe              |    11 |    10 ||    21
  Dodge: Dodged            |    26 |    50 ||    76

Table legend: (Time is in decaauts)
 A = Elapsed time spent in this place.
 B = Non-inter-level travel time spent in this place.
 C = Inter-level travel time spent in this place.
 D = Time resting spent in this place.
 E = Time spent auto-exploring this place.
 F = Levels seen in this place.
 G = Mean time per level.
                   A        B        C        D        E       F      G
               +--------+--------+--------+--------+--------+-----+--------+
         Total |   3400 |   3351 |     49 |    613 |   1886 |   3 | 1133.3 |
       Dungeon |   3400 |   3351 |     49 |    613 |   1886 |   3 | 1133.3 |
               +--------+--------+--------+--------+--------+-----+--------+

Top non-repeatable levels by time:
     D:1: 1335 daAuts
     D:3: 1148 daAuts
     D:2: 916 daAuts
